 Dungeon Crawl Stone Soup version 0.21.1-1-g345015f (webtiles) character file.

329 sepiko the Chopper (level 6, -8/57 HPs)
             Began as a Minotaur Berserker on Mar 13, 2018.
             Was a Believer of Trog.
             Splashed by a jelly's acid (11 damage)
             ... on level 3 of the Dungeon.
             The game lasted 00:05:13 (1952 turns).

sepiko the Chopper (Minotaur Berserker)             Turns: 1952, Time: 00:05:13

Health: -8/57      AC: -6    Str: 23    XL:     6   Next: 25%
Magic:  5/5        EV: 11    Int:  4    God:    Trog [**....]
Gold:   119        SH:  3    Dex: 10    Spells: 5/5 levels left

rFire    . . .     SeeInvis .   r - +6 club
rCold    + . .     Gourm    .   l - +0 buckler
rNeg     . . .     Faith    .   s - +2 leather armour {rC+}
rPois    .         Spirit   .   (helmet restricted)
rElec    .         Reflect  .   (no cloak)
rCorr    .         Harm     .   (no gloves)
MR       .....                  (no boots)
Stlth    +.........             (no amulet)
HPRegen  0.19/turn              (no ring)
MPRegen  0.09/turn              (no ring)

@: corroded
A: retaliatory headbutt, horns 2
a: Berserk, Trog's Hand, Burn Spellbooks, Renounce Religion


You were on level 3 of the Dungeon.
You worshipped Trog.
Trog was pleased with you.
You were very hungry.

You visited 1 branch of the dungeon, and saw 3 of its levels.

You collected 119 gold pieces.

Inventory:

Hand Weapons
 a - a +0 hand axe
 r - a +6 club (weapon)
Armour
 b - a +0 animal skin
 l - a +0 buckler (worn)
 s - a +2 leather armour of cold resistance (worn)
Jewellery
 q - a +3 ring of strength {unknown}
Wands
 k - a wand of flame (67)
Scrolls
 f - 3 scrolls of identify {unknown}
 g - a scroll of amnesia {unknown}
 h - a scroll of blinking {unknown}
 i - a scroll of enchant weapon {unknown}
 n - 2 scrolls of remove curse {unknown}
 o - a scroll of fear {unknown}
Potions
 d - a potion of invisibility {unknown}
 e - a potion of curing {unknown}
 j - a potion of mutation {unknown}
 p - a potion of brilliance {unknown}
Comestibles
 c - 3 rations
 m - 23 chunks of flesh


   Skills:
 + Level 5.7 Fighting
 - Level 7.3 Axes
 * Level 0.0(4.4) Maces & Flails
 - Level 2.4 Armour
 - Level 2.2 Dodging


You had 5 spell levels left.
You didn't know any spells.

Dungeon Overview and Level Annotations

Branches:
Dungeon (3/15)

Altars:
Ashenzari
Dithmenos
Nemelex Xobeh
The Shining One


Innate Abilities, Weirdness & Mutations

You reflexively headbutt those who attack you in melee.
You have a pair of horns on your head.


Message History

The jelly is moderately wounded.
The jelly hits you but does no damage.
You hit the jelly. The acid corrodes you!
Your hands burn!
The jelly is heavily wounded.
The jelly closely misses you.
You hit the jelly. The acid corrodes you!
Your hands burn!
The jelly is severely wounded.
The jelly hits you. The acid corrodes you!
You are splashed with acid!
The acid burns!
The jelly hits you. The acid corrodes you!
You are splashed with acid!
The acid burns!
* * * LOW HITPOINT WARNING * * *
You hit the jelly but do no damage.
Your hands burn!
* * * LOW HITPOINT WARNING * * *
You headbutt the jelly, but do no damage.
The jelly is severely wounded.
You recover from your berserk rage.
The jelly hits you.
* * * LOW HITPOINT WARNING * * *
You are splashed with acid!
The acid burns!
You die...

### #.. ..# #.# #.# #.#
#.# #.# #.# #.# #.#
##.## #.#
##...######.##########
###.............@J......
#........###############
.............
..............
≈≈.≈≈..≈≈≈≈≈≈≈≈
≈≈≈≈≈≈≈≈≈≈≈≈≈≈≈
≈≈≈≈≈≈≈≈≈≈≈≈≈≈≈
≈≈≈≈≈≈≈≈≈≈≈≈≈≈≈
#############


You could see a jelly.

Vanquished Creatures
  Crazy Yiuf (D:2)
  Jessica (D:2)
  Natasha (thrice) (D:2 D:3)
  Ijyb (D:3)
  7 gnolls (D:3)
  2 adders (D:2)
  2 worms
  4 leopard geckos
  4 giant cockroaches
  21 goblins
  10 hobgoblins
  4 jackals (D:3)
  A quokka (D:2)
  2 ball pythons (D:3)
  6 bats
  7 frilled lizards
  4 kobolds
  3 rats
83 creatures vanquished.

Notes
Turn   | Place    | Note
-------+----------+-------------------------------------------
     0 | D:1      | sepiko the Minotaur Berserker began the quest for the Orb.
     0 | D:1      | Reached XP level 1. HP: 19/19 MP: 0/0
    50 | D:1      | Reached skill level 4 in Axes
   103 | D:1      | Reached XP level 2. HP: 27/27 MP: 1/1
   538 | D:2      | Noticed Natasha
   543 | D:2      | Killed Natasha
   543 | D:2      | Reached XP level 3. HP: 33/33 MP: 2/2
   625 | D:2      | Reached skill level 5 in Axes
   773 | D:2      | Reached XP level 4. HP: 35/41 MP: 3/3
   792 | D:2      | Noticed Jessica
   795 | D:2      | Killed Jessica
   823 | D:2      | Found a runed door.
   910 | D:2      | Noticed Crazy Yiuf
   914 | D:2      | Killed Crazy Yiuf
  1016 | D:2      | Reached skill level 6 in Axes
  1119 | D:3      | Found a glowing golden altar of the Shining One.
  1119 | D:3      | Found a shadowy altar of Dithmenos.
  1120 | D:3      | Found a sparkling altar of Nemelex Xobeh.
  1174 | D:3      | Reached ** piety under Trog
  1201 | D:3      | Reached XP level 5. HP: 44/47 MP: 4/4
  1202 | D:3      | Noticed Natasha
  1209 | D:3      | Killed Natasha
  1209 | D:3      | Reached skill level 5 in Fighting
  1228 | D:3      | Found a shattered altar of Ashenzari.
  1266 | D:3      | Noticed Natasha
  1271 | D:3      | Killed Natasha
  1782 | D:3      | Reached skill level 7 in Axes
  1787 | D:3      | Reached XP level 6. HP: 33/56 MP: 5/5
  1885 | D:3      | Noticed Ijyb
  1919 | D:3      | Killed Ijyb
  1952 | D:3      | Splashed by a jelly's acid

Skill      XL: |  1  2  3  4  5 |
---------------+----------------+-----
Axes           | 4 5 6 7 |  7.3
Fighting       | 4 5 |  5.7
Armour         | |  2.4
Dodging        | |  2.2

Action                   |  1- 3 |  4- 6 || total
-------------------------+-------+-------++-------
Melee: Hand axe          |    40 |    88 ||   128
       Headbutt          |     6 |    11 ||    17
       Club              |       |     4 ||     4
Invok: Berserk           |     1 |     5 ||     6
       Trog's Hand       |       |     2 ||     2
  Eat: Chunk             |       |     8 ||     8
Armor: Animal skin       |    10 |    19 ||    29
       Leather armour    |       |     1 ||     1
Dodge: Dodged            |    40 |    72 ||   112
Block: Buckler           |       |     8 ||     8
